[Event "Team 45 45 League T46"]
[Site "Internet Chess Club"]
[Date "2010.09.03"]
[Round "5"]
[White "MeoPatacca"]
[Black "Troparion"]
[Result "1/2-1/2"]
[WhiteElo "1840"]
[BlackElo "1827"]
[Opening "Queen's pawn"]
[ECO "A40"]
[Time "15:30:29"]
[TimeControl "2700+45"]

1. d4 c6 2. Bf4 Qb6 3. Bc1 Nf6 4. c3 g6 5. Nf3 d6 6. Qb3 Bg7 7. Bg5 Ne4 8. Bh4
Be6 9. Qc2 Bf5 10. Qb3 Be6 11. Qc2 Bf5 12. Qb3 Be6 {Game drawn by repetition}
1/2-1/2

[Event "Team 45 45 League T46"]
[Site "Internet Chess Club"]
[Date "2010.09.05"]
[Round "5"]
[White "Mat55"]
[Black "GreatBendini"]
[Result "1-0"]
[WhiteElo "1909"]
[BlackElo "1807"]
[Opening "Scandinavian defense"]
[ECO "B01"]
[Time "13:02:05"]
[TimeControl "2700+45"]

1. e4 d5 2. exd5 Nf6 3. Bb5+ Bd7 4. Be2 Nxd5 5. d4 e6 6. Nf3 Bd6 7. c4 Nf6 8.
Nc3 O-O 9. O-O Nc6 10. Re1 h6 11. Be3 a6 12. Qb3 b6 13. a4 Na5 14. Qc2 Ng4 15.
Bd2 Bc6 16. h3 Nf6 17. Rab1 Bb4 18. Bf4 Rc8 19. Qd3 Bb7 20. Rbd1 Nd7 21. Ne5
Nxe5 22. Bxe5 Qg5 23. g3 Rfd8 24. h4 Qe7 25. Bg4 Nc6 26. d5 Nxe5 27. Rxe5 Qf6
28. f4 Ra8 29. Ne4 Qe7 30. Qb3 Qf8 31. dxe6 Rxd1+ 32. Qxd1 f6 33. Rd5 Bxd5 34.
Qxd5 Kh8 35. Qc6 Ra7 36. Qd5 Qa8 37. Qf5 Qd8 38. Qg6 Be7 39. Bf5 Qg8 40. g4 Ra8
41. g5 Rf8 42. Kh2 fxg5 43. hxg5 Rxf5 44. Qxf5 Qf8 45. Qxf8+ Bxf8 46. gxh6 gxh6
47. f5 Kg7 48. f6+ {Black resigns} 1-0

[Event "Team 45 45 League T46"]
[Site "Internet Chess Club"]
[Date "2010.09.05"]
[Round "5"]
[White "gerailen0075"]
[Black "alexping"]
[Result "1-0"]
[WhiteElo "1861"]
[BlackElo "1813"]
[Opening "French: advance, Paulsen attack"]
[ECO "C02"]
[Time "12:26:00"]
[TimeControl "2700+45"]

1. e4 e6 2. d4 d5 3. e5 c5 4. c3 Nc6 5. Nf3 Qb6 6. a3 Bd7 7. b4 cxd4 8. cxd4
Nge7 9. Nc3 Nf5 10. Na4 Qc7 11. Be3 a6 12. Rc1 Rc8 13. Bd3 Nxe3 14. fxe3 f5 15.
exf6 gxf6 16. O-O Bh6 17. Qe2 Ke7 18. b5 axb5 19. Bxb5 Ra8 20. Rc3 Rhc8 21. Qc2
f5 22. Qf2 Kf8 23. Qh4 Kg7 24. Nc5 Qd6 25. Nxd7 Qxd7 26. Qg3+ Kh8 27. Rb1 Qe7
28. Bxc6 bxc6 29. Ne5 c5 30. dxc5 Bg7 31. Rcb3 Ra7 32. c6 Qc7 33. Rb8 Ra8 34.
Rxa8 Rxa8 35. Nf7+ Qxf7 36. c7 Rc8 37. Rb8 Qd7 38. Rxc8+ Qxc8 39. Qd6 Bf6 40. a4
Qb7 41. Qf8# {Black checkmated} 1-0

[Event "Team 45 45 League T46"]
[Site "Internet Chess Club"]
[Date "2010.09.03"]
[Round "5"]
[White "misuc56"]
[Black "TwoEqualsOne"]
[Result "0-1"]
[WhiteElo "1927"]
[BlackElo "1778"]
[Opening "King's Indian defense"]
[ECO "E60"]
[Time "01:00:08"]
[TimeControl "2700+45"]

1. d4 Nf6 2. c4 g6 3. e3 Bg7 4. Nc3 d5 5. h3 O-O 6. Nf3 b6 7. Bd2 Bb7 8. cxd5
Nxd5 9. Be2 Nd7 10. O-O e5 11. Nxd5 Bxd5 12. Bc3 Re8 13. a3 c5 14. Rc1 e4 15.
Nh2 Rc8 16. Bb5 cxd4 17. Bxd7 Qxd7 18. Bxd4 Rxc1 19. Qxc1 Bxd4 20. exd4 f5 21.
Qe3 Rc8 22. Rc1 Rxc1+ 23. Qxc1 Qd6 24. Nf1 f4 25. g4 g5 26. Qc8+ Kg7 27. Qf5 h6
28. Qc8 e3 29. Qc2 Bf3 30. Qc3 e2 31. Nh2 Bb7 32. f3 Ba6 33. Kf2 Kf7 34. b4 Bb5
35. Ke1 Ke6 36. Qc8+ Kd5 37. Qf5+ Kc4 38. Kxe2 Qxd4 39. Nf1 a6 40. a4 Bxa4 41.
Nd2+ Kc3 42. Ne4+ Kxb4 43. Qf8+ Ka5 44. Qa3 Qc4+ 45. Ke1 Qb4+ 46. Qxb4+ Kxb4 47.
Kd2 Bc6 48. Nd6 Bxf3 49. Nf5 Bg2 50. Nxh6 Bxh3 51. Nf7 Bxg4 52. Nxg5 f3 53. Ke3
a5 54. Ne4 a4 55. Kd2 Kb3 56. Kc1 a3 57. Nd2+ Ka4 58. Kc2 a2 59. Kb2 f2 60. Kxa2
Be2 {White resigns} 0-1

[Event "Team 45 45 League T46"]
[Site "Internet Chess Club"]
[Date "2010.09.05"]
[Round "5"]
[White "chessateer"]
[Black "Wheels"]
[Result "0-1"]
[WhiteElo "1841"]
[BlackElo "1901"]
[Opening "Sicilian: Najdorf, Poisoned pawn variation"]
[ECO "B97"]
[Time "12:02:58"]
[TimeControl "2700+45"]

1. e4 c5 2. Nf3 d6 3. d4 cxd4 4. Nxd4 Nf6 5. Nc3 a6 6. Bg5 e6 7. f4 Qb6 8. Qd2
Qxb2 9. Rb1 Qa3 10. e5 dxe5 11. fxe5 Nfd7 12. Ne4 Qxa2 13. Rb3 Qa4 14. Bb5 axb5
15. Nxb5 Qxe4+ 16. Re3 Qc6 17. Rc3 Bc5 18. Rxc5 Qxc5 19. Qd6 Qxd6 20. Nxd6+ Kf8
21. O-O Nxe5 22. Nxc8 f6 23. Bf4 Nbc6 24. Nd6 b6 25. Be3 Ke7 26. Nb5 Nc4 27. Bf2
Rhd8 {White resigns} 0-1

[Event "Team 45 45 League T46"]
[Site "Internet Chess Club"]
[Date "2010.09.05"]
[Round "5"]
[White "Philly-Boy"]
[Black "touchthis"]
[Result "1/2-1/2"]
[WhiteElo "1902"]
[BlackElo "1717"]
[Opening "Queen's pawn game"]
[ECO "D02"]
[Time "23:00:07"]
[TimeControl "2700+45"]

1. d4 d5 2. Nf3 c6 3. Bf4 e6 4. e3 f5 5. Bd3 Nf6 6. h3 Bd6 7. Nbd2 O-O 8. Ne5
Ne4 9. Qe2 Qe7 10. O-O-O Nd7 11. Ndf3 c5 12. Nxd7 Bxd7 13. Bxd6 Qxd6 14. Bxe4
fxe4 15. Ne5 cxd4 16. exd4 Rac8 17. Kb1 a6 18. Rhf1 Bb5 19. Qh5 Bxf1 20. Rxf1
Qb4 21. Qg4 Rf5 22. Qd1 Qf8 23. f3 exf3 24. Nxf3 Rc7 25. Re1 Qf6 26. c3 Rf4 27.
Ka1 b5 28. Ne5 h5 29. Qxh5 Rf1 30. Qe8+ Kh7 31. Qh5+ Kg8 32. Qe8+ {Game drawn by
mutual agreement} 1/2-1/2

[Event "Team 45 45 League T46"]
[Site "Internet Chess Club"]
[Date "2010.09.05"]
[Round "5"]
[White "parrot9"]
[Black "Grenadier"]
[Result "1-0"]
[WhiteElo "1693"]
[BlackElo "1745"]
[Opening "Pirc defense"]
[ECO "B07"]
[Time "08:01:12"]
[TimeControl "2700+45"]

1. e4 d6 2. d4 Nf6 3. Nc3 g6 4. f3 Bg7 5. Be3 O-O 6. Qd2 Nbd7 7. O-O-O b6 8. g4
Bb7 9. h4 h5 10. gxh5 Nxh5 11. Nge2 e5 12. d5 a5 13. Bh3 Nc5 14. Bg4 Kh7 15.
Bxh5 gxh5 16. Ng3 Qf6 17. Nxh5 Qxf3 18. Nxg7 Kxg7 19. Bh6+ Kh7 20. Bxf8 Rxf8 21.
Rdf1 Qh5 22. Kb1 f5 23. Rhg1 f4 24. Rg5 Qh6 25. Qe2 f3 26. Rxf3 Rxf3 27. Qxf3
{Black resigns} 1-0

[Event "Team 45 45 League T46"]
[Site "Internet Chess Club"]
[Date "2010.09.06"]
[Round "5"]
[White "BrerRabbit"]
[Black "Theodulf"]
[Result "1/2-1/2"]
[WhiteElo "1566"]
[BlackElo "1594"]
[Opening "English opening"]
[ECO "A20"]
[Time "19:32:08"]
[TimeControl "2700+45"]

1. c4 e5 2. g3 d6 3. Nc3 f5 4. d4 exd4 5. Qxd4 Nc6 6. Qe3+ Qe7 7. Bg2 Nf6 8. Nf3
Qxe3 9. Bxe3 Be6 10. b3 O-O-O 11. Nd4 Nxd4 12. Bxd4 a6 13. Bxf6 gxf6 14. e3 c6
15. Rd1 Be7 16. O-O h5 17. h4 Kc7 18. Ne2 b5 19. Nf4 Bf7 20. cxb5 axb5 21. Rc1
d5 22. Rfd1 Kb6 23. Rc2 Ba3 24. Bf3 Rd6 25. Kf1 Bc5 26. Ne2 Ba3 27. Nf4 Bc5 28.
Ne2 Ba3 {Game drawn by mutual agreement} 1/2-1/2